 Dungeon Crawl Stone Soup version 0.14.2 (webtiles) character file.

309 theanonym the Cudgeler (level 5, -1/42 HPs)
             Began as a Mummy Warper on Dec 5, 2018.
             Was a Follower of Ashenzari.
             Slain by Edmund
             ... wielding a +0,+0 dire flail
              (8 damage)
             ... on Level 3 of the Dungeon.
             The game lasted 00:09:38 (4280 turns).

theanonym the Cudgeler (Mummy Warper)               Turns: 4280, Time: 00:09:38

HP  -1/42        AC  9     Str 15      XL: 5   Next: 51%
MP   9/9         EV  6     Int 12      God: Ashenzari [*.....]
Gold 106         SH  0     Dex 11      Spells:  1 memorised,  7 levels left

rFire  x . .     SeeInvis .     a - +0 mace
rCold  + . .     Clarity  .     i - +1 chain mail
rNeg   + + +     Conserve .     (no shield)
rPois  +         rCorr    .     (no helmet)
rElec  .         rRot     +     (no cloak)
SustAb . .       Spirit   .     (no gloves)
rMut   .         Warding  .     (no boots)
Saprov . . .     Stasis   .     (no amulet)
MR     .....                    (no ring)
                                (no ring)

@: not resistant to hostile enchantments, extremely unstealthy
A: no food or potions, fire vulnerability, restore body, cold resistance 1, life
protection 3, poison resistance, torment resistance, unbreathing
a: Renounce Religion


Innate Abilities, Weirdness & Mutations

You do not eat or drink.
Your flesh is vulnerable to fire.
Your flesh is cold resistant.
You are immune to negative energy.
Your system is resistant to poisons.
You are immune to unholy pain and torment.
You can survive without breathing.


   Skills:
 + Level 3.8 Fighting
 * Level 3.9 Maces & Flails
 - Level 0.7 Throwing
 - Level 0.7 Armour
 - Level 1.5 Dodging
 - Level 2.0 Spellcasting
 - Level 2.4 Translocations


You had 7 spell levels left.
You knew the following spells:

 Your Spells              Type           Power        Failure   Level  Hunger
a - Apportation           Tloc           #.........   100%        1    N/A

Action                   |  1- 3 |  4- 6 || total
-------------------------+-------+-------++-------
Melee: Mace              |   155 |   163 ||   318
       Whip              |    14 |       ||    14
Evoke: Wand              |       |    13 ||    13
  Use: Scroll            |     3 |       ||     3
 Stab: Confused          |       |     2 ||     2

Inventory:

Hand weapons
 a - a +0,+0 mace (weapon)
Missiles
 e - 15 darts (quivered)
 f - 10 darts of dispersal
Armour
 g - a +1 ring mail
   (You found it on level 1 of the Dungeon)
 i - a +1 chain mail (worn)
   (You found it on level 2 of the Dungeon)
Magical devices
 k - a wand of confusion (0)
   (You found it on level 3 of the Dungeon)
 m - a wand of magic darts (0)
   (You found it on level 3 of the Dungeon)
Scrolls
 b - 3 scrolls of identify {unknown}
 d - a scroll of blinking
 h - 3 scrolls of enchant armour
 j - a scroll of immolation {unknown}
 l - a scroll of teleportation {unknown}
Books
 c - a book of Spatial Translocations


You were on level 3 of the Dungeon.
You worshipped Ashenzari.
Ashenzari was aware of your devotion.
You were not hungry.

You visited 1 branch of the dungeon, and saw 4 of its levels.

You collected 106 gold pieces.

Dungeon Overview and Level Annotations

Branches:
Dungeon (4/15)
 Temple: D:4-7

Altars:
Ashenzari
Fedhas
Trog

Annotations:
D:3 Edmund
D:4 Dowan, Duvessa, Menkaure

..........##........#
.#..................#
.#.......##(........#
.#.......#..........#
.#.......#...<......#
.#.......#..........#
.........##......####
##.......###....K..#
#####.#### ##.##@#.#
# ##...## #...@.#.#
###.....## #..####.#
.........# #..####.#
.....<...###.......#
.............#######
###.....###### #
##...## #####


You could see Edmund and a kobold.

Notes
Turn   | Place    | Note
--------------------------------------------------------------
     0 | D:1      | theanonym, the Mummy Warper, began the quest for the Orb.
     0 | D:1      | Reached XP level 1. HP: 16/16 MP: 3/3
    72 | D:1      | HP: 8/16 [goblin (3)]
   426 | D:1      | Reached XP level 2. HP: 16/23 MP: 4/4
   427 | D:1      | Reached skill level 2 in Maces & Flails
  1224 | D:2      | Found a shattered altar of Ashenzari.
  1259 | D:2      | Became a worshipper of Ashenzari the Shackled
  1310 | D:2      | Found a bloodstained altar of Trog.
  1465 | D:2      | Reached XP level 3. HP: 24/28 MP: 6/6
  2154 | D:3      | Reached skill level 3 in Fighting
  2181 | D:3      | Reached skill level 3 in Maces & Flails
  2196 | D:3      | Reached XP level 4. HP: 32/35 MP: 7/7
  2574 | D:3      | HP: 16/35 [adder (3)]
  2581 | D:3      | HP: 13/35 [adder (3)]
  2976 | D:3      | HP: 17/35 [adder (3)]
  2978 | D:3      | HP: 7/35 [worker ant (3)]
  2980 | D:3      | Reached XP level 5. HP: 7/41 MP: 9/9
  2989 | D:3      | HP: 7/41 [bat (1)]
  3005 | D:3      | HP: 8/41 [bat (1)]
  3278 | D:4      | Noticed Menkaure
  3279 | D:4      | Noticed Edmund
  3432 | D:4      | HP: 21/42 [orc/trident (2)]
  3438 | D:3      | HP: 20/42 [orc/trident (2)]
  3666 | D:4      | Noticed Dowan
  3670 | D:4      | Noticed Duvessa
  3791 | D:4      | HP: 14/42 [orc priest/divine providence (11)]
  4016 | D:3      | HP: 12/42 [Edmund/dire flail (12)]
  4052 | D:3      | HP: 15/42 [rat (2)]
  4062 | D:2      | Found a blossoming altar of Fedhas.
  4272 | D:3      | HP: 21/42 [Edmund/dire flail (3)]
  4277 | D:3      | HP: 12/42 [Edmund/dire flail (4)]
  4280 | D:3      | Slain by Edmund

Vanquished Creatures
  An orc priest (D:3)
  A worker ant (D:3)
  An iguana (D:3)
  5 adders
  5 giant geckos
  An ooze (D:3)
  3 orcs (D:3)
  2 ball pythons
  4 bats
  4 giant cockroaches
  7 goblins
  9 hobgoblins
  3 jackals
  8 kobolds
  4 quokkas (D:3)
  A ball python skeleton (D:3)
  4 giant newts
  6 rats
69 creatures vanquished.

Table legend:
 A = Turns spent in this place as a percentage of turns spent in the entire game.
 B = Non-inter-level travel turns spent in this place as a percentage of non-inter-level travel turns spent in the entire game.
 C = Inter-level travel turns spent in this place as a percentage of turns spent in this place.
 D = Turns resting spent in this place as a percentage of non-inter-level travel turns spent in this place.
 E = Turns spent auto-exploring this place as a percentage of non-inter-level travel turns spent in this place.
 F = Non-inter-level travel turns spent in this place divided by the number of levels of this place that you've seen.
                   A       B       C       D       E      F
               +-------+-------+-------+-------+-------+----------------------
         Total | 100.0 | 100.0 |   1.3 |   3.9 |   7.8 | 327.5
       Dungeon | 100.0 | 100.0 |   1.3 |   3.9 |   7.8 | 327.5
               +-------+-------+-------+-------+-------+----------------------
